 Dungeon Crawl Stone Soup version 0.29-a0-284-gf9362112df (webtiles) character file.

Game seed: 623068428931581657

23 Leeroy the Ducker (level 3, 27/27 HPs)
             Began as a Merfolk Gladiator on Mar 15, 2022.
             Quit the game on level 1 of the Dungeon.
             The game lasted 00:01:00 (622 turns).

Leeroy the Ducker (Merfolk Gladiator)                Turns: 622, Time: 00:01:00

Health: 27/27      AC:  4    Str: 14    XL:     3   Next: 0%
Magic:  3/3        EV: 13    Int:  7    God:
Gold:   41         SH:  0    Dex: 17    Spells: 2/2 levels left

rFire   . . .      SeeInvis .   a - +0 long sword
rCold   . . .      Faith    .   (no shield)
rNeg    . . .      Spirit   .   b - +0 leather armour
rPois   .          Reflect  .   c - +0 helmet
rElec   .          Harm     .   (no cloak)
rCorr   .          Rampage  .   (no gloves)
Will    .....                   (no boots)
Stlth   +.........              (no amulet)
HPRegen 0.09/turn               (no ring)
MPRegen 0.08/turn               (no ring)

@: no status effects
A: (nimble swimmer 2), mertail
a: no special abilities


You were on level 1 of the Dungeon.
You visited 1 branch of the dungeon, and saw 1 of its levels.

You collected 41 gold pieces.

Inventory:

Hand Weapons
 a - a +0 long sword (weapon)
 f - a +0 dagger
Missiles
 d - 3 throwing nets (quivered)
 e - a javelin
Armour
 b - a +0 leather armour (worn)
 c - a +0 helmet (worn)
Potions
 g - a potion of attraction {unknown}
 h - 2 potions of brilliance {unknown}
 i - a potion of degeneration {unknown}
 j - 2 potions of curing {unknown}


   Skills:
 - Level 2.1 Fighting
 + Level 3.6 Long Blades
 + Level 0.1(0.5) Polearms
 + Level 0.2(0.3) Staves
 - Level 2.0 Throwing
 - Level 4.0 Dodging
 + Level 0.1 Conjurations
 + Level 0.4 Hexes
 + Level 0.2 Summonings
 + Level 0.4 Translocations
 + Level 0.4 Transmutations
 + Level 0.4 Fire Magic
 + Level 0.2 Air Magic
 + Level 0.2 Earth Magic
 + Level 0.9 Poison Magic


You had 2 spell levels left.
You didn't know any spells.
Your spell library was empty.

Dungeon Overview and Level Annotations

Branches:
Dungeon (1/15)

Altars:


Innate Abilities, Weirdness & Mutations

((You are very nimble when in or above water. (Stealth+, EV+, Speed+++)))
Your lower body shifts to a powerful aquatic tail in water.


Message History

No target in view!
Found 2 fuming coppery potions.
Things that are here:
a +0 dagger; a goblin corpse
j - 2 fuming coppery potions You see here a +0 robe.
An endoplasm comes into view.
The endoplasm quivers.
The endoplasm hits you.
You hit the endoplasm.
The endoplasm is severely wounded.
The endoplasm misses you.
You slash the endoplasm!
You kill the endoplasm!
No target in view!
No target in view!
No target in view!
No target in view!
An endoplasm comes into view.
An endoplasm is nearby!
An endoplasm is nearby!
An endoplasm is nearby!
The endoplasm quivers.
You hit the endoplasm.
The endoplasm is heavily wounded.
The endoplasm closely misses you.
You slash the endoplasm!
You kill the endoplasm!
You have reached level 3!
Your experience leads to an increase in your attributes!
Increase (S)trength, (I)ntelligence, or (D)exterity?
You feel agile. x2
You open the door.
There is an open door here.
You open the door.
There is an open door here.
A rat comes into view.
A rat is nearby!
A rat is nearby!
Are you sure you want to abandon this character and quit the game? (Confirm with "yes".)

##........#.......#...#.....#.#..
#.........#+###'#.....'.......#..
).............#.#.....#....######
......#....)..#.#.#...#....###...
......#.......#.#.#...#....##..<.
......#...#.....#.....#######....
.....................###...###...
..............†..##.##.......##'#
#+####..........@####.........#.#
+..............#.........'.'
#........#..##.#.........#.#
#...........# ##.......##'#
............ ###...####.#
####.....#.. #####..... ...... .
#........ ..r##. .. .........
.........


You could see a rat (asleep).

Vanquished Creatures
  A dart slug (D:1)
  4 endoplasms (D:1)
  2 giant cockroaches (D:1)
  3 goblins (D:1)
  A hobgoblin (D:1)
  2 quokkas (D:1)
  2 frilled lizards (D:1)
  A kobold (D:1)
  3 rats (D:1)
19 creatures vanquished.

Notes
Turn   | Place    | Note
-------+----------+-------------------------------------------
     0 | D:1      | Leeroy the Merfolk Gladiator began the quest for the Orb.
     0 | D:1      | Reached XP level 1. HP: 16/16 MP: 1/1
   143 | D:1      | Reached XP level 2. HP: 22/22 MP: 2/2
   152 | D:1      | Found a faded altar of an unknown god.
   585 | D:1      | Reached XP level 3. HP: 27/27 MP: 3/3
   622 | D:1      | Quit the game

Illustrated notes

Levels and vault maps discovered:
D:1:      dpeg_arrival_three_bigger_balls, layout_basic,
          ebering_ecumenical_altar_ruins, minmay_misc_feat_pillars,
          grunt_decor_fettered

Action                   || total
-------------------------++-------
Melee: Long sword        ||    52
Armor: Leather armour    ||    10
Dodge: Dodged            ||    33

Table legend: (Time is in decaauts)
 A = Elapsed time spent in this place.
 B = Non-inter-level travel time spent in this place.
 C = Inter-level travel time spent in this place.
 D = Time resting spent in this place.
 E = Time spent auto-exploring this place.
 F = Levels seen in this place.
 G = Mean time per level.
                   A        B        C        D        E       F      G
               +--------+--------+--------+--------+--------+-----+--------+
         Total |    633 |    633 |      0 |      0 |    489 |   1 |  633.0 |
       Dungeon |    633 |    633 |      0 |      0 |    489 |   1 |  633.0 |
               +--------+--------+--------+--------+--------+-----+--------+

Top non-repeatable levels by time:
     D:1: 633 daAuts
